 Dungeon Crawl Stone Soup version 0.27.1-2-g3b301248ec (webtiles) character file.

Game seed: 9210644144568011430

4911 raph the Geomancer (level 10, -12/60 HPs)
             Began as a Gargoyle Earth Elementalist on Oct 3, 2021.
             Was a Believer of Ashenzari.
             Killed from afar by a steam dragon (21 damage)
             ... with a ball of steam
             ... on level 8 of the Dungeon.
             The game lasted 00:19:00 (9323 turns).

raph the Geomancer (Gargoyle Earth Elementalist)    Turns: 9323, Time: 00:19:00

Health: -12/60     AC: 17    Str: 11    XL:     10   Next: 51%
Magic:  9/19       EV: 16    Int: 19    God:    Ashenzari [**....]
Gold:   190        SH:  4    Dex: 11    Spells: 2/21 levels left

rFire    . . .     SeeInvis +   b - staff of earth (curse) {Evo, Range}
rCold    + . .     Faith    .   n - +0 buckler
rNeg     + . .     Spirit   .   C - +0 acid dragon scales of Ashenzari's Moon {rCorr, Comp, Range} (curse)
rPois    ∞         Reflect  .   q - +1 helmet "Ethics of the Welkin" {Elem, Alch} (curse)
rElec    +         Harm     .   o - scarf {shadows}
rCorr    +         Rampage  .   p - +1 pair of gloves
Will     .....                  (no boots)
Stlth    ++........             (no amulet)
HPRegen  0.20/turn              h - ring "Seeker of Ashenzari" {EV+4, Elem, Alch} (curse)
MPRegen  0.16/turn              u - ring of protection from cold

@: studying Short Blades
A: sickness immunity, AC +7, negative energy resistance 1, electricity
resistance, torment resistance 1, petrification resistance
a: Renounce Religion, Curse Item, Shatter the Chains


You were on level 8 of the Dungeon.
You worshipped Ashenzari.
Ashenzari was pleased with you.
You visited 1 branch of the dungeon, and saw 8 of its levels.
You also visited: Sewer and Ossuary.

You collected 326 gold pieces.
You spent 136 gold pieces at shops.

Inventory:

Hand Weapons
 a - a +3 flail of draining
 j - a +0 mace
 E - a +0 whip of venom
Missiles
 c - 189 stones
 f - 20 poisoned darts
Armour
 n - a +0 buckler (worn)
 o - a scarf of shadows (worn)
 p - a +1 pair of gloves (worn)
 q - the cursed +1 helmet "Ethics of the Welkin" (worn) {Elem, Alch}
   (You found it on level 3 of the Dungeon)

   It has a curse which improves the following skills: Elements: Fire Magic, Ice
   Magic, Air Magic and Earth Magic.
   Alchemy:   Poison Magic and Transmutations.
 C - the cursed +0 acid dragon scales of Ashenzari's Moon (worn) {rCorr, Comp, Range}
   (You found it on level 5 of the Dungeon)

   rCorr:     It protects you from acid and corrosion.
   It has a curse which improves the following skills: Companions: Summonings
   and Necromancy.
   Ranged Combat: Slings, Bows, Crossbows and Throwing.
Magical Staves
 b - a cursed staff of earth (weapon) {Evo, Range}
 w - a staff of fire
Jewellery
 h - the cursed ring "Seeker of Ashenzari" (left hand) {EV+4, Elem, Alch}
   (You found it on level 1 of the Dungeon)

   [ring of evasion]

   EV:        It affects your evasion (+4).
   It has a curse which improves the following skills: Elements: Fire Magic, Ice
   Magic, Air Magic and Earth Magic.
   Alchemy:   Poison Magic and Transmutations.
 u - a ring of protection from cold (right hand)
 y - a ring of resist corrosion
Wands
 G - a wand of iceblast (3)
Scrolls
 e - 4 scrolls of teleportation
 g - 7 scrolls of identify
 l - 2 scrolls of magic mapping
 m - 2 scrolls of fog
 A - 3 scrolls of amnesia
 B - a scroll of fear
 I - a scroll of brand weapon
 K - a scroll of summoning
 M - a scroll of immolation
Potions
 d - 3 potions of resistance
 k - 5 potions of heal wounds
 r - a potion of magic
 s - 2 potions of brilliance
 t - 4 potions of cancellation
 v - 6 potions of might
 x - 2 potions of curing
 z - a potion of berserk rage
 D - 9 potions of haste
 F - a potion of invisibility
 L - a potion of flight


   Skills:
 + Level 5.9 Fighting
 + Level 5.6 Dodging
 - Level 3.0 Stealth
 - Level 4.0 Shields
 + Level 6.2 Spellcasting
 + Level 1.0(2.3) Transmutations
 + Level 3.2(5.2) Ice Magic
 + Level 11.3(13.4) Earth Magic


You had 2 spell levels left.
You knew the following spells:

 Your Spells              Type           Power      Damage    Failure   Level
a - Sandblast             Erth           100%       2d20      1%          1
b - Passwall              Tmut/Erth      43%        N/A       1%          2
c - Stone Arrow           Conj/Erth      94%        3d12      3%          3
d - Animate Skeleton      Necr           12%        N/A       16%         1
e - Petrify               Tmut/Erth      52%        N/A       7%          4
f - Ozocubu's Armour      Ice            25%        N/A       6%          3
g - Metabolic Englaciati  Hex/Ice        7%         N/A       85%         5

Your spell library contained the following spells:

 Spells                   Type           Power      Damage    Failure   Level
 Summon Small Mammal      Summ           24%        N/A       16%         1
 Apportation              Tloc           10%        N/A       17%         1
 Corona                   Hex            5%         N/A       17%         1
 Irradiate                Conj/Tmut      5%         3d15      96%         5
 Simulacrum               Ice/Necr       8%         N/A       100%        6
 Chain Lightning          Conj/Air       3%         3d4       100%        9
 Fire Storm               Conj/Fire      3%         8d1       100%        9
 Sublimation of Blood     Necr           Unusable   N/A       N/A         2

Dungeon Overview and Level Annotations

Branches:
Dungeon (8/15)             Temple (0/1) D:5           Sewer (visited)
Ossuary (visited)
   Lair: D:8-11

Altars:
Ashenzari
Kikubaaqudgha
Makhleb
Nemelex Xobeh
Vehumet
Zin

Shops:
D:1 (


Innate Abilities, Weirdness & Mutations

You are immune to sickness and miasma.
Your stone body is resilient. (AC +7)
You are immune to poison.
You resist negative energy. (rN+)
You are resistant to electric shocks. (rElec)
You are resistant to unholy torment.
You are immune to petrification.


Message History

The water moccasin is almost dead.
The water moccasin misses you. You block the water moccasin's attack.
Aiming: Sandblast (safe; 1% risk of failure)
Press: ? - help, Q - select action, (/) - cycle Shift-Dir - straight line, f/p - water moccasin
Aim: a water moccasin (almost dead, 73% to hit)
You feel a surge of power!
The blast of sand hits the water moccasin!!
You kill the water moccasin!
Your base Transmutations skill increases to level 1!
Aiming: Sandblast (safe; 1% risk of failure)
Press: ? - help, Q - select action, (/) - cycle Shift-Dir - straight line, f - orc warrior
Aim: an orc warrior, wielding a +0 broad axe and wearing a +0 chain mail (lightly wounded, 82% to hit)
You feel a surge of power!
The blast of sand misses the orc warrior.
The blast of sand hits the orc wizard!!
You kill the orc wizard!
The orc warrior closely misses you.
Aiming: Sandblast (safe; 1% risk of failure)
Press: ? - help, Q - select action, (/) - cycle Shift-Dir - straight line, f/p - orc warrior
Aim: an orc warrior, wielding a +0 broad axe and wearing a +0 chain mail (lightly wounded, 82% to hit)
You feel a surge of power!
The blast of sand hits the orc warrior!
The orc warrior is severely wounded.
The orc warrior hits you with a +0 broad axe!
Aiming: Sandblast (safe; 1% risk of failure)
Press: ? - help, Q - select action, (/) - cycle Shift-Dir - straight line, f/p - orc warrior
Aim: an orc warrior, wielding a +0 broad axe and wearing a +0 chain mail (severely wounded, 82% to hit)
You feel a surge of power!
The blast of sand hits the orc warrior!
You kill the orc warrior!
Aiming: Sandblast (safe; 1% risk of failure)
Press: ? - help, Q - select action, (/) - cycle Shift-Dir - straight line, f - steam dragon
Aim: a steam dragon (84% to hit)
You feel a surge of power!
The blast of sand hits the steam dragon!
The steam dragon is moderately wounded.
The steam dragon breathes steam at you. The ball of steam hits you!
* * * LOW HITPOINT WARNING * * *
The steam dragon breathes steam at you. The ball of steam hits you!!
You die...

........##..#########.#.###......
............### #......# #.....
........#[#...####.....## ##.....
..<.....#.###......!....###......
#.###.###[..#####......##.#......
...#####......####...............
#...# ##.....§..######.........##
#..## #.....§§§§§§D)###.##..#....
#..# ##.........@##...####..##...
#.## #...........#.†)...######...
#..###..........##..D)....#* #...
....#...........#..........,.....
.#..#.#........##.......... #....
###.#.###......#...........*...##
..###Z..###...##..........#* .. .
...#......###.#...........# ,
..##...... **, , ,


You could see a steam dragon (catching breath).

Vanquished Creatures
  Erica (D:8)
  Pikel (D:6)
  Maggie (D:6)
  A troll (D:7)
  3 yaks
  An acid dragon (D:5)
  2 water moccasins
  3 orc warriors
  2 ogres (D:4)
  A necrophage (D:7)
  3 centaurs
  2 phantoms
  2 kobold brigands
  Blork the orc (D:6)
  3 bullfrogs (D:8)
  3 scorpions
  A water moccasin skeleton (D:5)
  A wyvern skeleton (D:7)
  6 killer bees (D:7)
  An electric eel (D:6)
  A centaur zombie (D:6)
  A hound (D:6)
  An orc priest (D:5)
  3 human zombies (Ossuary)
  A bullfrog skeleton (D:5)
  4 jellies
  2 iguanas
  5 orc wizards
  4 mummies (Ossuary)
  2 hound skeletons (D:4)
  A howler monkey zombie (D:8)
  An adder (D:5)
  A river rat (D:6)
  A shadow imp (D:7)
  An ufetubus (D:6)
  3 worms
  3 dart slugs
  11 orcs
  6 bats
  8 endoplasms
  5 giant cockroaches
  2 gnoll zombies (Ossuary)
  2 goblins
  6 hobgoblins
  18 kobolds
  A quokka (D:3)
  7 ball pythons
  2 frilled lizards (Sewer)
  2 kobold zombies (Ossuary)
  An orc zombie (Ossuary)
  7 rats
152 creatures vanquished.

Vanquished Creatures (others)
  A plant (Sewer)
1 creature vanquished.

Grand Total: 153 creatures vanquished

Notes
Turn   | Place    | Note
-------+----------+-------------------------------------------
     0 | D:1      | raph the Gargoyle Earth Elementalist began the quest for
                  | the Orb.
     0 | D:1      | Reached XP level 1. HP: 10/10 MP: 3/3
   258 | D:1      | Reached XP level 2. HP: 15/15 MP: 1/5
   387 | D:1      | Reached skill level 4 in Earth Magic
   524 | D:1      | Learned a level 2 spell: Passwall
   726 | D:1      | Found Buboj's Antique Weapon Shoppe.
   897 | D:1      | Reached XP level 3. HP: 19/19 MP: 6/6
   901 | D:1      | Learned a level 3 spell: Stone Arrow
  1614 | D:2      | Found a broken altar of Ashenzari.
  1623 | D:2      | Became a worshipper of Ashenzari the Shackled
  3086 | D:4      | Reached XP level 4. HP: 24/24 MP: 4/7
  3091 | D:4      | Reached skill level 1 in Shields
  3342 | D:4      | Reached skill level 5 in Earth Magic
  3342 | D:4      | Reached XP level 5. HP: 12/28 MP: 4/9
  3535 | D:4      | Noticed an ogre
  3539 | D:4      | Killed an ogre
  3540 | D:4      | Reached XP level 6. HP: 32/32 MP: 3/10
  3542 | D:4      | Learned a level 1 spell: Animate Skeleton
  3723 | D:1      | Bought a runed flail for 136 gold pieces
  4072 | D:4      | Reached skill level 6 in Earth Magic
  4564 | D:4      | Found a glowing silver altar of Zin.
  4570 | D:4      | Found a sparkling altar of Nemelex Xobeh.
  4572 | D:4      | Found an ancient bone altar of Kikubaaqudgha.
  4573 | D:4      | Found a radiant altar of Vehumet.
  4576 | D:4      | Found a burning altar of Makhleb.
  4619 | D:5      | Entered Level 5 of the Dungeon
  4722 | D:5      | Noticed a water moccasin
  4727 | D:5      | Killed a water moccasin
  4728 | D:5      | Reached XP level 7. HP: 33/36 MP: 3/12
  4859 | D:5      | Reached * piety under Ashenzari
  4889 | D:5      | Learned a level 4 spell: Petrify
  4998 | D:5      | Found a staircase to the Ecumenical Temple.
  5148 | D:5      | Reached skill level 1 in Fighting
  5148 | D:5      | Reached skill level 7 in Earth Magic
  5468 | D:5      | Reached ** piety under Ashenzari
  5566 | D:5      | Reached XP level 8. HP: 37/43 MP: 13/13
  6092 | D:6      | Noticed Blork the orc
  6189 | D:6      | Killed Blork the orc
  6235 | D:6      | Noticed Pikel
  6261 | D:6      | Killed Pikel
  6262 | D:6      | Reached skill level 8 in Earth Magic
  6268 | D:6      | Found a glowing drain.
  6284 | Sewer    | Entered a sewer
  6946 | D:6      | Found the amulet of the Air {Inacc Air Fly rElec RMsl}
  6947 | D:6      | Reached skill level 9 in Earth Magic
  6947 | D:6      | Reached XP level 9. HP: 44/51 MP: 16/16
  7051 | D:6      | Noticed Maggie
  7063 | D:6      | Killed Maggie
  7064 | D:6      | Reached skill level 5 in Spellcasting
  7700 | D:7      | Reached skill level 10 in Earth Magic
  7757 | D:7      | Learned a level 3 spell: Ozocubu's Armour
  8077 | D:7      | Noticed a troll
  8082 | D:7      | Killed a troll
  8083 | D:7      | Reached skill level 1 in Ice Magic
  8098 | D:7      | Reached skill level 5 in Dodging
  8332 | D:7      | Reached skill level 5 in Fighting
  8604 | D:8      | Reached XP level 10. HP: 59/59 MP: 5/18
  8708 | D:8      | Noticed Erica
  8720 | D:8      | Killed Erica
  8721 | D:8      | Reached skill level 11 in Earth Magic
  8775 | D:8      | Found a sand-covered staircase.
  8783 | Ossuary  | Entered an ossuary
  9212 | D:8      | Learned a level 5 spell: Metabolic Englaciation
  9319 | D:8      | Reached skill level 1 in Transmutations
  9323 | D:8      | Killed from afar by a steam dragon

Illustrated notes

Levels and vault maps discovered:
D:1:      nagdon_arrival_double_spiral, layout_loops_ring, serial_shops,
          nicolae_lakefront_shop
D:2:      layout_basic, basic_altar
D:3:      layout_loops_cross
D:4:      layout_loops_corners, chequers_temple_overflow_minitemple,
          hangedman_abyss_or_decor_stabs
D:5:      layout_loops_corners, minmay_temple_entry_grid
D:6:      cheibrodos_quashed, layout_basic, cheibrodos_sewer_entry_sluice,
          nicolae_water_bricks, uniq_blork_the_orc, uniq_pikel, uniq_maggie
D:7:      wander_river, layout_rooms, small_statue_intersection
D:8:      minmay_skewed_foursquare, layout_cave_pools, enter_ossuary_1,
          minmay_manual_mares, uniq_erica

Skill      XL: |  1  2  3  4  5  6  7  8  9 10 |
---------------+-------------------------------+-----
Earth Magic    | 4 5 6 7 9 10 11 | 11.3
Dodging        | 2 3 4 5 |  5.6
Stealth        | 3 |  3.0
Shields        | 1 2 3 4 |  4.0
Spellcasting   | 3 4 5 6 |  6.2
Fighting       | 1 3 5 |  5.9
Ice Magic      | 2 3 |  3.2
Transmutations | 1 |  1.0

Action                   |  1- 3 |  4- 6 |  7- 9 | 10-12 || total
-------------------------+-------+-------+-------+-------++-------
Melee: Mace              |    57 |    13 |       |       ||    70
       Unarmed           |     3 |       |       |       ||     3
       Flail             |       |    35 |   157 |       ||   192
       Staff             |       |       |    60 |    47 ||   107
 Cast: Sandblast         |    39 |    15 |    40 |    31 ||   125
       Stone Arrow       |       |     6 |    29 |     8 ||    43
       Ozocubu's Armour  |       |       |       |     1 ||     1
Invok: Curse Item        |     1 |       |     3 |       ||     4
  Use: Scroll            |     1 |     1 |       |     2 ||     4
       Potion            |       |       |     1 |       ||     1
 Stab: Sleeping          |     4 |       |     1 |       ||     5
       Distracted        |       |       |     1 |       ||     1
Armor: Robe              |    27 |    15 |     4 |       ||    46
       Acid dragon scale |       |       |   103 |    25 ||   128
Dodge: Dodged            |    60 |    40 |   246 |    51 ||   397
Block: Buckler           |     4 |    13 |    74 |    18 ||   109
